Map: Jagannatha LE

Players

MarcoMan

  • Race: Protoss Protoss
  • League: Master
  • Spawn Location: 1:00

MnMLastZerG - Winner!

  • Race: Zerg Zerg
  • Spawn Location: 7:00

VOD

Have the link to the VOD?

Description

Time

  • Played on: Jan. 17, 2021, 2:38 p.m.
  • Length: 9:43
Show
View Real Time Build Order
Export as new Build Order

MarcoMan Protoss 

Build Orders: Oracle Opening 

Get SALT Encoding   

  12  0:00  Probe  
  13  0:12  Probe  
  14  0:19  Pylon  
  14  0:24  Probe  
  15  0:37  Probe (Chrono Boost)  
  15  0:40  Gateway  
  16  0:49  Probe (Chrono Boost)  
  17  0:52  Assimilator  
  17  0:57  Probe (Chrono Boost)  
  17  1:04  Probe  
  19  1:13  Forge  
  20  1:18  Probe  
  20  1:29  Pylon  
  20  1:30  Zealot (Chrono Boost), Probe  
  23  1:39  Cybernetics Core  
  22  1:51  Photon Cannon  
  22  2:00  Probe  
  23  2:20  Nexus  
  23  2:25  Adept  
  23  2:27  Warp Gate  
  25  2:34  Assimilator  
  25  2:36  Probe (Chrono Boost)  
  26  2:47  Probe (Chrono Boost)  
  27  2:52  Probe (Chrono Boost)  
  28  3:00  Stargate  
  28  3:02  Probe  
  29  3:08  Adept  
  31  3:32  Pylon, Probe  
  31  3:34  Probe  
  33  3:44  Probe  
  33  3:46  Probe  
  35  3:51  Oracle (Chrono Boost)  
  35  3:53  Shield Battery  
  38  3:56  Probe  
  38  3:58  Probe  
  40  4:08  Probe  
  43  4:10  Probe  
  43  4:15  Pylon, Void Ray  
  42  4:20  Probe  
  42  4:22  Probe  
  48  4:32  Probe  
  48  4:34  Probe  
  48  4:35  Nexus  
  48  4:37  Pylon  
  49  4:46  Adept  
  43  4:53  Probe  
  42  5:09  Photon Cannon  
  42  5:20  Photon Cannon  
  42  5:21  Shield Battery  
  42  5:22  Shield Battery  
  42  5:36  Stargate  
  42  5:47  Pylon  
  42  5:51  Probe x2  
  42  5:55  Photon Cannon  
  44  6:05  Assimilator  
  44  6:07  Assimilator  
  44  6:08  Photon Cannon  
  44  6:11  Probe  
  45  6:16  Shield Battery  
  45  6:21  Probe  
  45  6:23  Pylon, Probe  
  47  6:27  Assimilator  
  47  6:33  Probe  
  47  6:36  Probe (Chrono Boost)  
  47  6:39  Assimilator  
  49  6:40  Pylon  
  49  6:45  Probe (Chrono Boost)  
  50  6:48  Probe (Chrono Boost)  
  51  6:55  Probe (Chrono Boost)  
  51  6:56  Probe (Chrono Boost)  
  51  6:58  Void Ray  
  51  7:00  Probe (Chrono Boost)  
  58  7:14  Pylon  
  58  7:15  Sentry  
  59  7:39  Probe  
  59  7:42  Nexus  
  60  7:45  Pylon  
  60  7:50  Pylon, Probe  
  61  7:51  Probe  
  61  7:53  Assimilator  
  61  7:57  Assimilator  
  62  8:02  Probe, Robotics Facility  
  63  8:18  Void Ray  
  63  8:21  Shield Battery  
  67  8:28  Photon Cannon  
  67  8:41  Probe x2  
  69  8:53  Probe x2  
  69  8:54  Probe  
  69  8:55  Observer, Void Ray  
  73  8:59  Photon Cannon  
  77  9:05  Probe x2  
  77  9:06  Probe  
  77  9:07  Adept  
  81  9:17  Probe x2  
  81  9:18  Probe  
  82  9:29  Probe x2  
  82  9:30  Probe  
  85  9:32  Gateway  
  85  9:34  Photon Cannon  
  85  9:37  Shield Battery  
  85  9:40  Gateway  
Show
View Real Time Build Order
Export as new Build Order

MnMLastZerG Zerg - Winner!

Build Orders: Pool First 

Get SALT Encoding   

  12  0:01  Drone  
  13  0:08  Drone  
  14  0:16  Overlord  
  14  0:32  Spawning Pool  
  13  0:36  Drone  
  13  0:40  Drone  
  15  0:43  Drone  
  15  0:47  Drone  
  17  1:09  Hatchery  
  16  1:20  Zergling x2  
  16  1:21  Zergling x4  
  19  1:28  Queen  
  19  1:32  Drone  
  22  1:34  Extractor  
  21  1:43  Overlord  
  21  1:53  Drone  
  22  2:03  Queen  
  22  2:04  Drone  
  25  2:19  Drone  
  25  2:21  Queen  
  28  2:23  Drone  
  28  2:28  Drone  
  30  2:36  Drone x2  
  33  2:37  Drone  
  33  2:38  Drone  
  33  2:41  Extractor  
  33  2:51  Overlord  
  33  2:54  Lair  
  33  2:55  Drone  
  34  2:58  Drone  
  34  3:02  Overlord  
  35  3:11  Metabolic Boost  
  35  3:13  Zergling x2  
  36  3:28  Zergling x6  
  36  3:29  Queen  
  41  3:40  Drone x2  
  41  3:41  Zergling x2  
  44  3:56  Queen  
  44  4:01  Nydus Network  
  45  4:04  Queen  
  47  4:11  Zergling x8  
  51  4:28  Overlord x2  
  51  4:38  Nydus Canal  
  51  4:48  Zergling x2  
  51  4:49  Zergling x18  
  60  5:04  Drone x3  
  63  5:16  Queen, Drone x3  
  68  5:23  Overlord  
  68  5:41  Queen  
  70  5:51  Drone x5  
  75  6:03  Queen  
  75  6:07  Spire  
  75  6:08  Drone x2  
  76  6:14  Extractor  
  76  6:15  Extractor, Spore Crawler  
  76  6:17  Spore Crawler, Drone x3  
  74  6:27  Spine Crawler  
  74  6:28  Spore Crawler, Drone  
  74  6:30  Overlord  
  73  6:39  Drone x2  
  75  6:47  Overlord  
  74  7:03  Drone x3  
  76  7:22  Mutalisk  
  76  7:23  Mutalisk x2  
  76  7:24  Overlord x3  
  82  7:31  Overlord  
  82  7:32  Overlord x2  
  82  7:46  Mutalisk x5  
  92  8:00  Mutalisk  
  92  8:01  Mutalisk x5  
  104  8:08  Spine Crawler  
  104  8:09  Spine Crawler  
  104  8:10  Mutalisk x2  
  106  8:57  Mutalisk  
  106  8:58  Mutalisk x3  
  106  8:59  Drone x2  
  106  9:00  Drone  
  115  9:12  Hatchery  
  109  9:28  Drone  
  109  9:29  Drone x8  
Tags
 
League
Master
Matchup
PvZ
Replay Pack
Weekend
Spawn Locations
Cross Positions
Add a new tag
Caveats
  • Supply blocks, unpowered buildings, or Contaminate may cause inaccurate times.
  • Supply counts are checked every 10 seconds.